 Dungeon Crawl Stone Soup version 0.28-a0-823-gb444dcf96d (webtiles) character file.

Game seed: 9425185677899601999

6013 Decritt the Covert (level 10, -1/51 HPs)
             Began as a Spriggan Enchanter on Nov 10, 2021.
             Was a Believer of Dithmenos.
             Slain by a two-headed ogre (29 damage)
             ... on level 9 of the Dungeon.
             The game lasted 01:19:11 (22808 turns).

Decritt the Covert (Spriggan Enchanter)            Turns: 22808, Time: 01:19:12

Health: -1/51      AC:  9    Str:  8    XL:     10   Next: 56%
Magic:  5/18       EV: 19    Int: 16    God:    Dithmenos [**....]
Gold:   1442       SH:  6    Dex: 18    Spells: 7/18 levels left

rFire   . . .      SeeInvis +   a - +0 dagger (elec)
rCold   . . .      Faith    .   I - +0 buckler of the Bruised Thickets {Str+4}
rNeg    . . .      Spirit   .   k - +0 acid dragon scales
rPois   +          Reflect  .   (helmet restricted)
rElec   .          Harm     .   (no cloak)
rCorr   +          Rampage  .   (gloves unavailable)
Will    +....                   (boots unavailable)
Stlth   ++++++....              (no amulet)
HPRegen 0.17/turn               z - ring of wizardry
MPRegen 0.16/turn               (no ring)

@: wreathed by umbra, very quick
A: very small, no large weapons, unfitting armour, see invisible, speed 3,
iridescent scales 1, dopey 1, poison resistance
a: Renounce Religion, Shadow Step


You were on level 9 of the Dungeon.
You worshipped Dithmenos.
Dithmenos was pleased with you.
You visited 2 branches of the dungeon, and saw 10 of its levels.
You also visited: Ossuary.

You collected 1442 gold pieces.

Inventory:

Hand Weapons
 a - a +0 dagger of electrocution (weapon)
 b - a +0 hunting sling
 g - a +1 dagger
 p - a +0 rapier
Missiles
 n - 97 sling bullets
 u - 29 poisoned darts
 B - 2 throwing nets
Armour
 k - +0 acid dragon scales (worn)
 G - a +0 robe
 I - the +0 buckler of the Bruised Thickets (worn) {Str+4}
   (You found it on level 9 of the Dungeon)

   Str:       It affects your strength (+4).
Jewellery
 r - a ring of poison resistance
 z - a ring of wizardry (left hand)
Wands
 x - a wand of charming (10)
 y - a wand of iceblast (7)
 D - a wand of mindburst (14)
 H - a wand of acid (7)
Scrolls
 d - a scroll of amnesia
 i - 2 scrolls of teleportation
 m - 2 scrolls of blinking
 t - a scroll of fog
 v - a scroll of fear
 J - a scroll of holy word
Potions
 c - a potion of invisibility
 e - 4 potions of curing
 f - a potion of lignification {unknown}
 h - 4 potions of magic
 j - 3 potions of mutation
 l - 2 potions of brilliance
 o - a potion of ambrosia
 q - 2 potions of berserk rage
 s - a potion of heal wounds
 w - a potion of resistance
 A - a potion of cancellation
 C - a potion of flight
 E - a potion of haste {unknown}
 F - a potion of attraction {unknown}


   Skills:
 + Level 5.4 Fighting
 + Level 7.5 Short Blades
 - Level 4.1 Armour
 - Level 7.0 Dodging
 + Level 10.4 Stealth
 * Level 1.1 Shields
 + Level 4.8 Spellcasting
 - Level 1.4 Conjurations
 - Level 8.6 Hexes
 - Level 1.0 Ice Magic
 - Level 1.8 Invocations


You had 7 spell levels left.
You knew the following spells:

 Your Spells              Type           Power      Damage    Failure   Level
a - Tukima's Dance        Hex            31%        N/A       1%          3
b - Confusing Touch       Hex            31%        N/A       1%          3
c - Ensorcelled Hibernat  Hex/Ice        38%        N/A       3%          2
d - Dazzling Flash        Conj/Hex       38%        N/A       6%          3

Your spell library contained the following spells:

 Spells                   Type           Power      Damage    Failure   Level
 Foxfire                  Conj/Fire      24%        2x1d5     12%         1
 Animate Skeleton         Necr           6%         N/A       16%         1
 Pain                     Necr           12%        1d4       16%         1
 Poisonous Vapours        Pois/Air       6%         N/A       24%         2
 Sublimation of Blood     Necr           3%         N/A       24%         2
 Spider Form              Tmut/Pois      3%         N/A       43%         3
 Vampiric Draining        Necr           3%         2d6       43%         3
 Petrify                  Tmut/Erth      3%         N/A       82%         4
 Irradiate                Conj/Tmut      3%         3d15      96%         5
 Lehudib's Crystal Spear  Conj/Erth      3%         10d2      100%        8


Dungeon Overview and Level Annotations

Branches:
Dungeon (9/15)             Temple (1/1) D:6            Lair (0/6) D:8
Ossuary (visited)
    Orc: D:9-12

Altars:
Ashenzari
Cheibriados
Dithmenos
Elyvilon
Fedhas
Gozag
Hepliaklqana
Kikubaaqudgha
Makhleb
Nemelex Xobeh
Okawaru
Qazlal
Ru
Sif Muna
Trog
Uskayaw
Vehumet
Wu Jian
Xom
Yredelemnul
Zin
The Shining One

Annotations:
D:3 Sigmund
D:9 Erolcha


Innate Abilities, Weirdness & Mutations

You are very small and have problems with some larger weapons.
You are too small for most types of armour.
You have supernaturally acute eyesight. (SInv)
You cover ground extremely quickly. (Speed+++)
You are partially covered in iridescent scales. (AC +2)
You are dopey. (Int -2)
Your system is resistant to poisons. (rPois)


Message History

The orc is killed!
Dithmenos accepts your kill. The wyvern misses you.
You strike the helpless wyvern from behind!
You impale the wyvern!!
You kill the wyvern!
Dithmenos accepts your kill.
Your Shields skill increases to level 1!
Casting: Confusing Touch (safe; 1% risk of failure)
Confirm with . or Enter, or press ? or * to list all spells.
Your hands begin to glow red.
Unknown command.
Your +0 vorpal hand axe falls from the air.
Casting: Confusing Touch (safe; 1% risk of failure)
Confirm with . or Enter, or press ? or * to list all spells.
Aiming: Tukima's Dance (safe; 1% risk of failure)
Press: ? - help, Shift-Dir - straight line, f - two-headed ogre
Aim: a two-headed ogre, wielding a +0 giant spiked club and a +0 giant club (chance to confuse on hit: 42%, chance to affect: 42%)
The +0 giant club dances into the air!
Casting: Tukima's Dance (safe; 1% risk of failure)
Confirm with . or Enter, or press ? or * to list all spells.
Your hands begin to glow brighter.
You hit the two-headed ogre but do no damage.
The two-headed ogre appears confused.
The two-headed ogre closely misses you. The two-headed ogre misses you.
The two-headed ogre screams, "NO!
I can't bear this much noise."
You catch the helpless two-headed ogre completely off-guard!
You impale the two-headed ogre!!
The two-headed ogre is severely wounded.
You hit the two-headed ogre but do no damage.
Lightning courses through the two-headed ogre!
The two-headed ogre is almost dead.
The two-headed ogre gestures wildly.
The two-headed ogre hits you with a +0 giant spiked club!
The two-headed ogre misses you.
You hit the two-headed ogre.
The two-headed ogre is almost dead.
The two-headed ogre hits you with a +0 giant spiked club!!
Ouch! That really hurt!
You die...

#.# #............# #.# #. #.#
#########..### #.# ##.## #.#####
#..#####.# #...# #.....#
#........# #...# #####.#
##...###### ##...####
####.######.....## # ........#
#........#.......####
........#####....###..........#..
.....).$))......@.............'..
....)########...(O##..........#..
..#.)# #.#...##.#.......###.
.##'l## #......#.##.....## ##
##.†o.## #.##.#.#.###...## #
#......## #......>.# ##+##
[.......# #.##.#.### #.#
....O...# #.##....#####>#
........# #.##........#.# #####


You could see a two-headed ogre (confused, ally target) and a friendly +0 giant
club.

Vanquished Creatures
  Harold (D:6)
  A two-headed ogre (D:8)
  A komodo dragon (D:8)
  A wraith (D:6)
  3 wyverns (D:9)
  3 acid dragons
  A water moccasin (D:5)
  2 ice beasts
  A necrophage (D:5)
  2 ogres
  A centaur (D:9)
  A phantom (D:6)
  A kobold brigand (D:9)
  2 bullfrogs
  2 gnoll sergeants
  A wyvern zombie (D:9)
  4 scorpions
  12 killer bees
  2 howler monkeys
  A bullfrog zombie (D:6)
  A bullfrog skeleton (D:6)
  3 jellies
  3 orc priests
  3 hounds (D:5)
  A centaur skeleton (D:7)
  3 iguanas
  2 orc wizards (D:8)
  A killer bee zombie (D:6)
  The ghost of paps the Sneak, a weakling OpDe (D:5)
  8 mummies (Ossuary)
  A hound skeleton (D:4)
  2 howler monkey zombies
  7 adders
  5 gnolls
  A howler monkey skeleton (D:4)
  A river rat (D:4)
  A shadow imp (D:5)
  2 ufetubi
  2 adder skeletons (D:4)
  4 worms
  3 dart slugs
  36 orcs
  4 bats
  4 endoplasms
  8 giant cockroaches
  4 gnoll zombies (Ossuary)
  11 goblins
  14 hobgoblins
  9 jackals
  26 kobolds
  6 quokkas
  5 ball pythons
  2 frilled lizards (D:2)
  A hobgoblin zombie (Ossuary)
  2 kobold zombies (Ossuary)
  An orc zombie (Ossuary)
  9 rats
240 creatures vanquished.

Vanquished Creatures (collateral kills)
  A two-headed ogre (D:8)
  An ogre (D:6)
  A killer bee (D:7)
  An orc priest (D:8)
  2 gnolls (D:4)
  2 orcs (D:5)
8 creatures vanquished.

Vanquished Creatures (others)
  10 dancing weapons
  An orc (D:5)
  11 plants
22 creatures vanquished.

Grand Total: 270 creatures vanquished

Notes
Turn   | Place    | Note
-------+----------+-------------------------------------------
     0 | D:1      | Decritt the Spriggan Enchanter began the quest for the Orb.
     0 | D:1      | Reached XP level 1. HP: 9/9 MP: 5/5
   797 | D:1      | Reached XP level 2. HP: 10/14 MP: 6/6
  1945 | D:1      | Reached XP level 3. HP: 14/17 MP: 8/8
  2243 | D:1      | Reached skill level 5 in Stealth
  2898 | D:1      | Reached skill level 1 in Fighting
  6023 | D:2      | Reached XP level 4. HP: 22/22 MP: 9/9
  6793 | D:3      | Noticed Sigmund
  7363 | D:4      | Noticed an ogre
  7363 | D:4      | Noticed a gnoll sergeant
  7766 | D:4      | Reached skill level 6 in Stealth
  8875 | D:4      | Reached XP level 5. HP: 11/25 MP: 10/10
  9720 | D:4      | Learned a level 3 spell: Tukima's Dance
  9724 | D:4      | Learned a level 3 spell: Confusing Touch
  9727 | D:4      | Learned a level 2 spell: Ensorcelled Hibernation
 10926 | D:4      | Got Farghopni's Papyrus of Blows and Bruises and Air
 11119 | D:4      | Killed an ogre
 11120 | D:4      | Reached skill level 5 in Hexes
 11120 | D:4      | Reached XP level 6. HP: 30/30 MP: 7/11
 11334 | D:4      | Reached skill level 7 in Stealth
 12118 | D:4      | Gained mutation: You are partially covered in iridescent
                  | scales. (AC +2) [potion of mutation]
 12118 | D:4      | Gained mutation: You are dopey. (Int -2) [potion of
                  | mutation]
 12118 | D:4      | Gained mutation: Your system is resistant to poisons.
                  | (rPois) [potion of mutation]
 13052 | D:5      | Entered Level 5 of the Dungeon
 13608 | D:5      | Reached XP level 7. HP: 32/35 MP: 12/12
 13658 | D:5      | Found a runed translucent door.
 13662 | D:5      | Noticed paps's ghost (weakling OpDe)
 13702 | D:5      | Found a runed translucent door.
 14337 | D:5      | Reached skill level 1 in Ice Magic
 15333 | D:5      | Found an ancient bone altar of Kikubaaqudgha.
 15511 | D:5      | Reached skill level 5 in Dodging
 15541 | D:5      | Killed paps's ghost
 15823 | D:6      | Reached XP level 8. HP: 34/40 MP: 13/13
 16017 | D:6      | Found a staircase to the Ecumenical Temple.
 16022 | D:6      | Found the +0 mask of the Dragon {Will+ Slay+3 SInv}
 16028 | Temple   | Entered the Ecumenical Temple
 16127 | Temple   | Became a worshipper of Dithmenos the Shadowed
 16415 | D:6      | Reached skill level 5 in Short Blades
 16415 | D:6      | Reached skill level 8 in Stealth
 16482 | D:6      | Reached skill level 1 in Invocations
 16493 | D:6      | Learned a level 3 spell: Dazzling Flash
 17019 | D:7      | Identified a scroll of acquirement
 17019 | D:7      | Acquired 700 gold pieces
 17515 | D:7      | Found a sand-covered staircase.
 17521 | Ossuary  | Entered an ossuary
 17590 | Ossuary  | Reached * piety under Dithmenos
 17624 | Ossuary  | Reached skill level 1 in Armour
 18272 | D:7      | Noticed Harold
 18345 | D:6      | Reached XP level 9. HP: 43/45 MP: 16/16
 18675 | D:6      | Killed Harold
 18676 | D:6      | Reached skill level 1 in Conjurations
 19100 | D:8      | Noticed a two-headed ogre
 19118 | D:8      | Killed a two-headed ogre
 19119 | D:8      | Reached skill level 9 in Stealth
 20006 | D:8      | Noticed a two-headed ogre
 20038 | D:8      | Killed a two-headed ogre
 20039 | D:8      | Reached skill level 5 in Fighting
 20039 | D:8      | Reached XP level 10. HP: 25/51 MP: 5/17
 20461 | D:8      | Found a staircase to the Lair.
 20825 | D:8      | Reached skill level 10 in Stealth
 20864 | D:8      | Identified the +0 ring mail of an ice cave {Int+2}
 21129 | D:9      | Noticed Erolcha
 21319 | D:9      | Reached ** piety under Dithmenos
 22405 | D:9      | Noticed a centaur warrior
 22621 | D:9      | Identified the +0 buckler of the Bruised Thickets {Str+4}
 22752 | D:9      | Noticed a two-headed ogre
 22784 | D:9      | Reached skill level 1 in Shields
 22808 | D:9      | Slain by a two-headed ogre

Illustrated notes

Levels and vault maps discovered:
D:1:      lemuel_arrival_broad_hall, layout_basic, hex_tiny, nrook_loot_triangle
D:2:      layout_loops_corners
D:3:      layout_loops_ring, wad_orctagon, uniq_sigmund
D:4:      corexii_shantytown, layout_loops_ring, gup_sewer_entry_bowl
D:5:      layout_rooms, lemuel_tele_altar, ebering_ghost_sewer_f
D:6:      layout_basic, minmay_temple_entry_purple_smoke,
          kennysheep_generic_room_3
D:7:      layout_rooms, nicolae_ossuary_entry_plus, uniq_harold
D:8:      layout_basic, david_lair_shrubbed, grunt_decor_one_mirror, eino_jars
D:9:      minmay_polygon_palace, layout_loops_corners,
          ebering_ghost_inner_flame, grunt_potential, uniq_erolcha
Temple:   kilobyte_greek_temple

Skill      XL: |  1  2  3  4  5  6  7  8  9 10 |
---------------+-------------------------------+-----
Spellcasting   | 3 4 |  4.8
Hexes          | 4 5 6 7 8 |  8.6
Stealth        | 5 6 7 8 9 10 | 10.4
Fighting       | 1 2 3 4 5 |  5.4
Short Blades   | 2 3 4 5 7 |  7.5
Dodging        | 3 5 6 7 |  7.0
Ice Magic      | 1 |  1.0
Invocations    | 1 |  1.8
Armour         | 1 4 |  4.1
Conjurations   | 1 |  1.4
Shields        | 1 |  1.1

Action                   |  1- 3 |  4- 6 |  7- 9 | 10-12 || total
-------------------------+-------+-------+-------+-------++-------
Melee: Dagger            |   255 |   351 |   453 |   164 ||  1223
       Rapier            |       |    34 |       |       ||    34
       Short sword       |       |       |       |    11 ||    11
 Fire: Hunting sling     |       |       |       |     3 ||     3
Throw: Dart              |       |       |     3 |       ||     3
 Cast: Tukima's Dance    |       |    22 |    21 |     6 ||    49
       Confusing Touch   |       |     3 |     7 |    18 ||    28
       Ensorcelled Hiber |       |       |     3 |     2 ||     5
Evoke: Wand              |       |       |     1 |       ||     1
  Use: Scroll            |       |     6 |     9 |     2 ||    17
       Potion            |       |     3 |     1 |       ||     4
 Stab: Sleeping          |    12 |    12 |     7 |     8 ||    39
       Distracted        |     1 |     4 |     2 |       ||     7
       Confused          |       |     1 |     4 |    11 ||    16
Armor: Robe              |    24 |    35 |    11 |       ||    70
       Acid dragon scale |       |       |    28 |    21 ||    49
Dodge: Dodged            |   185 |   266 |   293 |   159 ||   903
Block: Buckler           |       |       |       |     1 ||     1

Table legend: (Time is in decaauts)
 A = Elapsed time spent in this place.
 B = Non-inter-level travel time spent in this place.
 C = Inter-level travel time spent in this place.
 D = Time resting spent in this place.
 E = Time spent auto-exploring this place.
 F = Levels seen in this place.
 G = Mean time per level.
                   A        B        C        D        E       F      G
               +--------+--------+--------+--------+--------+-----+--------+
         Total |  19375 |  19126 |    249 |  11582 |   3659 |  11 | 1761.4 |
       Dungeon |  18756 |  18512 |    244 |  11282 |   3511 |   9 | 2084.0 |
        Temple |     87 |     83 |      4 |      0 |     76 |   1 |   87.0 |
       Ossuary |    531 |    531 |      0 |    300 |     72 |   1 |  531.0 |
               +--------+--------+--------+--------+--------+-----+--------+

Top non-repeatable levels by time:
     D:4: 4025 daAuts
     D:1: 3608 daAuts
     D:2: 2369 daAuts
     D:3: 2096 daAuts
     D:7: 1613 daAuts
     D:5: 1571 daAuts
     D:6: 1535 daAuts
     D:8: 1214 daAuts
     D:9: 719 daAuts
 Ossuary: 531 daAuts
  Temple: 87 daAuts
